 Dungeon Crawl Stone Soup version 0.23.2-11-gf996548c65 (webtiles) character file.

Game seed: 13877805426760579503

1488 slow the Insei (level 8, -1/50 HPs)
             Began as an Octopode Transmuter on June 4, 2019.
             Was an Initiate of Okawaru.
             Hit by a javelin of returning thrown by a centaur (15 damage)
             ... in a bailey.
             The game lasted 00:19:19 (7957 turns).

slow the Insei (Octopode Transmuter)                Turns: 7957, Time: 00:19:19

Health: -1/50      AC:  4    Str: 12    XL:     8   Next: 80%
Magic:  11/14      EV: 21    Int: 17    God:    Okawaru [......]
Gold:   339        SH:  0    Dex: 23    Spells: 5/15 levels left

rFire    . . .     SeeInvis .     - Unarmed
rCold    . . .     Gourm    .   (shield currently unavailable)
rNeg     . . .     Faith    .   (helmet currently unavailable)
rPois    x         Spirit   .   (no amulet)
rElec    .         Reflect  .   z - +2 ring of protection
rCorr    .         Harm     .   x - +4 ring of dexterity
MR       .....                  (no ring)
Stlth    ++........             (no ring)
HPRegen  0.16/turn              (no ring)
MPRegen  0.14/turn              (no ring)
                                (no ring)
                                (no ring)

@: spider-form
A: tiny, almost no armour, stealthy swim, (amphibious), 8 rings, (constrict 8),
clever 1, screaming 1, strong 1, evolution 1
a: End Transformation, Renounce Religion


You were in a bailey.
You worshipped Okawaru.
Okawaru was noncommittal.
You were not hungry.
You were a venomous arachnid creature.
You visited 2 branches of the dungeon, and saw 8 of its levels.
You also visited: Bailey.

You collected 363 gold pieces.
You spent 24 gold pieces at shops.

Inventory:

Missiles
 a - 96 arrows
 w - a throwing net (quivered)
Armour
 m - a +1 buckler of reflection
Jewellery
 k - an uncursed ring of fire
 x - a +4 ring of dexterity (right front leg)
 z - a +2 ring of protection (left front leg)
Scrolls
 d - a scroll of enchant armour
 e - a scroll of magic mapping {unknown}
 f - a scroll of amnesia {unknown}
 h - a scroll of fog {unknown}
 i - 4 scrolls of blinking
 j - a scroll of noise {unknown}
 p - 3 scrolls of remove curse
 r - a scroll of enchant weapon {unknown}
 t - 2 scrolls of immolation
 u - 5 scrolls of teleportation
Potions
 b - a potion of ambrosia {unknown}
 g - a potion of brilliance {unknown}
 l - 2 potions of agility
 o - a potion of heal wounds {unknown}
 q - 3 potions of might
 s - a potion of degeneration {unknown}
 v - 2 potions of curing {unknown}
Comestibles
 c - 14 rations
 n - 2 chunks of flesh


   Skills:
 + Level 2.2 Fighting
 + Level 2.7 Dodging
 - Level 0.8 Stealth
 - Level 0.3 Shields
 - Level 6.7 Unarmed Combat
 - Level 4.4 Spellcasting
 - Level 4.3 Transmutations
 * Level 3.7 Ice Magic
 - Level 4.3 Poison Magic


You had 5 spell levels left.
You knew the following spells:

 Your Spells              Type           Power        Failure   Level  Hunger
a - Beastly Appendage     Tmut           ###...       10%         1    None
b - Sticks to Snakes      Tmut           ###.....     12%         2    ##.....
c - Spider Form           Tmut/Pois      ###.......   21%         3    ###....
d - Ice Form              Ice/Tmut       ###.....     50%         4    ####...

Your spell library contained the following spells:

 Spells                   Type           Power        Failure   Level  Hunger
 Infusion                 Chrm           #...         34%         1    None
 Shroud of Golubria       Chrm/Tloc      #.........   43%         2    ##.....
 Song of Slaying          Chrm           #.......     43%         2    ##.....
 Regeneration             Chrm/Necr      #.........   63%         3    ###....
 Spectral Weapon          Hex/Chrm       #.......     63%         3    ###....
 Blade Hands              Tmut           ###.......   77%         5    ######.


Dungeon Overview and Level Annotations

Branches:
Dungeon (7/15)             Temple (1/1) D:5

Altars:
Dithmenos
Elyvilon
Fedhas
Hepliaklqana
Makhleb
Nemelex Xobeh
Okawaru
Qazlal
Sif Muna
Trog
Vehumet
Wu Jian
The Shining One

Shops:
D:5 [*(**

Annotations:
D:3 1 runed translucent door, Crazy Yiuf
D:4 3 runed translucent doors, Grinder; Menkaure; kalagan's ghost, novice DEEE


Innate Abilities, Weirdness & Mutations

You cannot wear most types of armour.
You are very stealthy in the water. (Stealth+)
((You are amphibious.))
You can wear up to eight rings at the same time.
((You can use your tentacles to constrict eight enemies at once.))
((Your skin changes colour to match your surroundings (Stealth+).))
((Your rubbery body absorbs attacks. (AC +1, EV +1)))
Your mind is acute. (Int +2)
You occasionally shout uncontrollably at your foes.
Your muscles are strong. (Str +2)
You evolve.


Message History

An orc comes into view. It is wielding a +0 halberd.
The centaur throws a javelin of returning.
The javelin of returning barely misses you.
The weapon returns to the centaur!
The centaur throws a javelin of returning.
The javelin of returning hits you!
An orc comes into view. It is wielding a +0 spear.
An orc comes into view. It is wielding a +4 spear.
The centaur throws a javelin of returning.
The javelin of returning hits you!
* * * LOW HITPOINT WARNING * * *
The weapon returns to the centaur!
Unknown command.
There is nothing on the other side of the stone arch.
The centaur throws a javelin of returning.
The javelin of returning barely misses you.
The weapon returns to the centaur!
The centaur throws a javelin of returning.
The javelin of returning hits you!
You die...

..≈≈.o≈.≈o.≈≈..
.≈≈.≈≈≈.≈≈≈.≈≈.
o≈.≈≈..c..≈≈.≈o
≈≈.≈.≈≈≈≈≈.≈o≈≈
≈.≈≈.≈...≈.≈≈.≈
≈.≈.≈≈...≈≈.≈.≈
≈.≈.≈.⌠∩⌠.≈.≈.≈
≈.≈.≈..(..≈.≈.≈
≈.≈.≈.⌠s⌠.≈.≈o≈
≈.≈.≈≈...≈≈.≈.≈
≈.≈≈.≈...≈.≈≈.≈
≈≈.≈.≈≈.≈≈.≈o≈≈
.≈.≈≈.≈.≈.≈≈.≈.
...c≈≈...≈≈....
.....≈≈≈≈≈.....
≈≈≈.........≈≈≈


You could see 2 centaurs and 5 orcs.

Vanquished Creatures
  A steam dragon (D:6)
  An orc warrior (D:7)
  A sky beast (D:5)
  2 ogres (D:5)
  2 centaurs (D:6)
  A big kobold (D:4)
  A bullfrog (D:6)
  A scorpion (D:5)
  2 crimson imps (D:5)
  3 hounds
  An orc priest (D:7)
  3 jellies
  A bullfrog skeleton (D:6)
  An orc wizard (D:4)
  An iguana (D:5)
  4 worker ants
  2 hound skeletons
  6 adders
  A shadow imp (D:6)
  2 oozes
  An adder skeleton (D:6)
  2 dart slugs
  3 worms (D:2)
  8 leopard geckos
  8 orcs
  9 bats
  6 giant cockroaches
  10 hobgoblins
  4 quokkas
  2 ball pythons
  3 frilled lizards
  12 goblins
  12 kobolds
  A quokka zombie (D:5)
  15 rats
  A bush (D:4)
134 creatures vanquished.

Vanquished Creatures (collateral kills)
  A gnoll (D:1)
  A worm (D:4)
2 creatures vanquished.

Vanquished Creatures (others)
  A plant (D:4)
1 creature vanquished.

Grand Total: 137 creatures vanquished

Notes
Turn   | Place    | Note
-------+----------+-------------------------------------------
     0 | D:1      | slow the Octopode Transmuter began the quest for the Orb.
     0 | D:1      | Reached XP level 1. HP: 13/13 MP: 3/3
    54 | D:1      | Reached XP level 2. HP: 14/18 MP: 5/5
    62 | D:1      | Learned a level 2 spell: Sticks to Snakes
   561 | D:1      | Reached XP level 3. HP: 20/23 MP: 6/6
   566 | D:1      | Learned a level 3 spell: Spider Form
  1937 | D:2      | Reached XP level 4. HP: 28/28 MP: 5/7
  1959 | D:2      | Reached skill level 4 in Unarmed Combat
  3215 | D:3      | Found a stormy altar of Qazlal.
  3224 | D:3      | Reached skill level 1 in Poison Magic
  3235 | D:3      | Reached XP level 5. HP: 7/33 MP: 7/9
  3671 | D:3      | Found a runed translucent door.
  3672 | D:3      | Noticed Crazy Yiuf
  3842 | D:4      | Noticed a phantom
  4136 | D:4      | Noticed Menkaure
  4701 | D:4      | Noticed Grinder
  4749 | D:4      | Found a runed translucent gate.
  4749 | D:4      | Found a runed translucent gate.
  4749 | D:4      | Found a runed translucent gate.
  4749 | D:4      | Noticed kalagan's ghost (novice DEEE)
  5001 | D:4      | Noticed a big kobold
  5144 | D:4      | Killed a big kobold
  5144 | D:4      | Reached skill level 5 in Unarmed Combat
  5144 | D:4      | Reached XP level 6. HP: 23/38 MP: 7/10
  5714 | D:5      | Entered Level 5 of the Dungeon
  5924 | D:5      | Reached XP level 7. HP: 43/43 MP: 9/12
  5938 | D:5      | Learned a level 4 spell: Ice Form
  5955 | D:5      | Found Vablaic's Armour Boutique.
  6098 | D:5      | Found Loanivua's Antique Weapon Boutique.
  6114 | D:5      | Reached skill level 1 in Ice Magic
  6126 | D:5      | Found Ofocepac's General Store.
  6134 | D:5      | Bought a scroll of identify for 24 gold pieces
  6136 | D:5      | Gained mutation: Your muscles are strong. (Str +2) [potion
                  | of mutation]
  6136 | D:5      | Gained mutation: You are clumsy. (Dex -2) [potion of
                  | mutation]
  6136 | D:5      | Gained mutation: You occasionally shout uncontrollably at
                  | your foes. [potion of mutation]
  6136 | D:5      | Gained mutation: Your muscles are very strong. (Str +4)
                  | [potion of mutation]
  6137 | D:5      | Lost mutation: You are clumsy. (Dex -2) [potion of
                  | mutation]
  6137 | D:5      | Lost mutation: Your muscles are very strong. (Str +4)
                  | [potion of mutation]
  6137 | D:5      | Gained mutation: Your mind is acute. (Int +2) [potion of
                  | mutation]
  6137 | D:5      | Gained mutation: You evolve. [potion of mutation]
  6209 | D:5      | Reached skill level 6 in Unarmed Combat
  6309 | D:5      | Found a staircase to the Ecumenical Temple.
  6419 | D:5      | Found Uzyceal's General Store.
  6445 | D:5      | Found Umeress's General Store.
  6711 | D:5      | Found a sparkling altar of Nemelex Xobeh.
  6775 | D:6      | Reached XP level 8. HP: 49/49 MP: 12/14
  7548 | Temple   | Entered the Ecumenical Temple
  7604 | Temple   | Became a worshipper of Warmaster Okawaru
  7809 | D:7      | Found a flagged portal.
  7951 | Bailey   | Entered a bailey
  7957 | Bailey   | Hit by a javelin of returning thrown by a centaur

Skill      XL: |  1  2  3  4  5  6  7  8 |
---------------+-------------------------+-----
Unarmed Combat | 4 5 6 |  6.7
Poison Magic   | 1 2 3 4 |  4.3
Spellcasting   | 3 4 |  4.4
Transmutations | 3 4 |  4.3
Ice Magic      | 1 3 |  3.7
Fighting       | 2 |  2.2
Dodging        | |  2.7
Stealth        | |  0.8
Shields        | |  0.3

Action                   |  1- 3 |  4- 6 |  7- 9 || total
-------------------------+-------+-------+-------++-------
Melee: Unarmed           |    84 |   223 |   100 ||   407
       Tentacles         |     9 |    42 |    10 ||    61
       Constrict         |    20 |    28 |    14 ||    62
       Kick              |     9 |    17 |    14 ||    40
       Punch             |     2 |    10 |     3 ||    15
 Cast: Beastly Appendage |     7 |    13 |     8 ||    28
       Sticks to Snakes  |     5 |     4 |     1 ||    10
       Spider Form       |     1 |     4 |     5 ||    10
       Ice Form          |       |       |     3 ||     3
  Use: Scroll            |       |       |     7 ||     7
       Potion            |       |       |     2 ||     2
 Stab: Sleeping          |    12 |     5 |     3 ||    20
       Distracted        |       |     1 |       ||     1
  Eat: Chunk             |     4 |    13 |     7 ||    24
Armor: Skin              |    12 |     5 |     7 ||    24
Dodge: Dodged            |    68 |    66 |    81 ||   215
Block: Buckler           |     1 |    11 |       ||    12
       Reflection        |       |     2 |       ||     2
